Sabres vs Hurricanes

Created - February 25, 2016 at 17:47

Goals
1 2 3 OT1 T
Sabres 0 2 1 0 3
Hurricanes 1 0 2 1 4
Shots
1 2 3 OT1 T
Sabres 3 12 6 0 21
Hurricanes 8 8 10 1 27

1st period

1. Hurricanes , Carl Hagelin 22 (Scott Gomez, Jamie McGinn) at 10:03 (PP)

Penalties :
Gustav Nyquist (BUF) for Hooking (Minor) at 0:07, Josh Gorges (BUF) for Tripping (Minor) at 4:44, Johnny Oduya (BUF) for Interference (Minor) at 8:57

2nd period

2. Sabres , Brayden Schenn 20 (Nazem Kadri) at 1:26
3. Sabres , Lars Eller 6 (Kyle Palmieri) at 6:16 (PP)

Penalties :
Ron Hainsey (CAR) for Interference (Minor) at 6:08, Dustin Byfuglien (CAR) for Kneeing (Minor) at 11:19

3rd period

4. Hurricanes , Jamie McGinn 5 (Scott Gomez, Keith Yandle) at 5:05 (PP)
5. Sabres , Kyle Turris 26 (Braydon Coburn, Gustav Nyquist) at 7:33
6. Hurricanes , Keith Yandle 4 (Jamie McGinn, Brian Boyle) at 18:02 (PP)

Penalties :
Kris Versteeg (BUF) for Hooking (Minor) at 4:18, Scott Gomez (CAR) for Fighting (Major) at 16:19, Francois Beauchemin (BUF) for Fighting (Major) at 16:19, Francois Beauchemin (BUF) for instigated a fight (Game Misconduct) at 16:19, Kyle Turris (BUF) for Holding (Minor) at 18:26, Nick Foligno (CAR) for Tripping (Minor) at 18:50

Overtime #1

7. Hurricanes , Bryan Little 25 (Ron Hainsey, Michael Frolik) at 0:23

Penalties :
No Penalty

Goalie Stats

Ondrej Pavelec (BUF), 23 saves from 27 shots - (0.852), OTL, 28-15-5, 60:24 minutes
Eddie Lack (CAR), 18 saves from 21 shots - (0.857), W, 19-12-3, 60:24 minutes

Players Stats for Sabres

Player Name              G  A  P  +/- PIM S  H  SB GA TA FO     MP     PP MP  PK MP  
------------------------------------------------------------------------------------
Brad Boyes               0  0  0   0  0   0  0  0  0  0  2/5     7:40   0:00   2:31 
Brayden Schenn           1  0  1   1  0   2  1  0  0  0  1/2    16:25   0:00   0:00 
Braydon Coburn           0  1  1   1  0   1  3  3  0  0  0/0    18:07   0:49   4:23 
Daniel Winnik            0  0  0   0  0   3  3  0  0  0  0/1    15:31   0:00   5:27 
Francois Beauchemin      0  0  0   0  17  0  2  0  0  0  0/0    24:01   1:18   2:58 
Gustav Nyquist           0  1  1   1  2   5  3  0  0  0  3/4    20:37   1:18   0:00 
Jacob Josefson           0  0  0   0  0   0  0  0  0  0  6/9     5:09   0:00   0:00 
Johnny Oduya             0  0  0   1  2   0  1  2  0  0  0/0    28:00   0:49   2:44 
Josh Gorges              0  0  0   1  2   0  3  2  0  0  0/0    19:17   0:00   1:32 
Kris Versteeg            0  0  0   0  2   1  1  0  0  0  0/1    12:34   0:00   2:31 
Kyle Palmieri            0  1  1   0  0   0  1  0  0  0  0/0     6:27   1:18   0:00 
Kyle Turris              1  0  1   1  2   2  0  0  0  0  17/30  18:50   0:49   0:00 
Lars Eller               1  0  1   0  0   1  0  0  0  0  9/14   11:22   1:18   0:00 
Nazem Kadri              0  1  1   1  0   0  0  1  0  0  12/27  20:58   0:00   5:27 
Nino Niederreiter        0  0  0   1  0   2  3  0  0  0  1/1    16:35   0:49   0:00 
Oliver Ekman-Larsson     0  0  0   1  0   2  0  3  0  0  0/0    28:07   1:18   4:19 
Rasmus Ristolainen       0  0  0   0  0   0  0  1  0  0  0/0     3:13   0:00   0:00 
Thomas Vanek             0  0  0   1  0   2  1  0  0  0  1/3    19:30   0:49   0:00 

Players Stats for Hurricanes

Player Name              G  A  P  +/- PIM S  H  SB GA TA FO     MP     PP MP  PK MP  
------------------------------------------------------------------------------------
Brad Richardson          0  0  0   0  0   0  1  0  0  0  7/18   11:41   0:00   0:39 
Brian Boyle              0  1  1   0  0   1  2  0  0  0  4/10   10:52   1:00   0:00 
Brian Strait             0  0  0   0  0   0  0  0  0  0  0/0    11:40   0:00   0:59 
Brooks Orpik             0  0  0   0  0   0  1  0  0  0  0/0    15:38   0:00   1:16 
Bryan Little             1  0  1  -2  0   5  0  0  0  0  18/32  24:11   4:36   0:00 
Carl Hagelin             1  0  1   0  0   3  0  0  0  0  0/1    18:49   2:25   1:28 
Dustin Byfuglien         0  0  0  -1  2   1  4  1  0  0  0/0    22:56   3:50   0:00 
James Wisniewski         0  0  0  -1  0   1  0  2  0  0  0/0    23:47   3:50   0:51 
Jamie McGinn             1  2  3   0  0   2  5  0  0  0  3/7    24:00   3:49   0:00 
Keith Yandle             1  1  2  -1  0   2  0  0  0  0  0/0    20:15   4:08   0:00 
Leo Komarov              0  0  0   0  0   2  2  0  0  0  11/23  15:25   0:00   1:28 
Michael Frolik           0  1  1   0  0   2  0  0  0  0  0/0    16:51   0:00   0:39 
Nick Foligno             0  0  0  -2  2   4  5  1  0  0  2/3    22:35   4:08   0:00 
Patrick Maroon           0  0  0   0  0   0  0  0  0  0  0/0     1:05   0:57   0:00 
Raphael Diaz             0  0  0   0  0   1  0  0  0  0  0/0     8:33   4:08   0:00 
Ron Hainsey              0  1  1  -1  2   1  2  1  0  0  0/0    17:57   0:00   1:08 
Scott Gomez              0  2  2  -2  5   2  0  0  0  0  0/2    21:48   2:49   0:00 
Shawn Matthias           0  0  0   0  0   0  0  0  0  0  0/1    10:13   4:09   0:00 

3 Stars

1 - Jamie McGinn (CAR)
2 - Brayden Schenn (BUF)
3 - Braydon Coburn (BUF)

Power Play

Sabres - 1 on 3 Attempt(s) - 33.33%
Hurricanes - 3 on 6 Attempt(s) - 50.00%

Penalty Kill

Sabres - 3 on 6 Attempt(s) - 50.00% - Score 0 goal in Penalty Kill
Hurricanes - 2 on 3 Attempt(s) - 66.67% - Score 0 goal in Penalty Kill

Team Stat

Sabres - Hits : 22 - Faceoff Wins : 52 - Blocked Shots : 12 - Penalty Minutes : 27
Hurricanes - Hits : 22 - Faceoff Wins : 45 - Blocked Shots : 5 - Penalty Minutes : 11

Official

Referees : Dan O'Rourke and Justin St. Pierre
Linesman : Mark Wheler and Don Henderson

Game Notes

Patrick Maroon is injured at 4:35 of 1st period (Strained Right Elbow)
Rasmus Ristolainen is injured at 15:09 of 1st period (Upper Body)
Scott Gomez and Francois Beauchemin fight to a draw at 16:19 of 3rd period
Francois Beauchemin ejected from game at 16:19 of 3rd period
Francois Beauchemin from Sabres is suspended for 1 game(s)

Finance

Level 1 -- Attendance: 6000 (100.00%) -- Ticket Income $642,000
Level 2 -- Attendance: 4719 (94.38%) -- Ticket Income $306,735
Level 3 -- Attendance: 3500 (100.00%) -- Ticket Income $147,000
Level 4 -- Attendance: 3091 (97.20%) -- Ticket Income $74,184
Luxury Box -- Attendance: 982 (98.20%) -- Ticket Income $196,400
Game was played at the PNC Arena.
Total Attendance: 18292 (97.92%)
Total Ticket Income: $1,366,319
Other Income: $204,948
Total Income: $1,571,267

% Time on Ice - Sabres

Lines # - Real PCT - Wanted PCT - Time Play
Normal Forward
1 - 37% - 40% - 18:02
2 - 32% - 30% - 15:31
3 - 21% - 20% - 10:04
4 - 11% - 10% - 5:09
Normal Defense
1 - 37% - 38% - 18:15
2 - 25% - 34% - 12:08
3 - 36% - 24% - 17:24
4 - 2% - 4% - 0:59
PP Forward
1 - 39% - 60% - 0:49
2 - 61% - 40% - 1:18
PP Defense
1 - 61% - 60% - 1:18
2 - 39% - 40% - 0:49
PK Forward
1 - 68% - 60% - 5:27
2 - 32% - 40% - 2:31
PK Defense
1 - 59% - 60% - 4:44
2 - 41% - 40% - 3:14
PK3 Forward
1 - 0% - 60%
2 - 0% - 40%
PK3 Defense
1 - 0% - 60%
2 - 0% - 40%
44 Forward
1 - 100% - 60% - 1:09
2 - 0% - 40% - 0:00
44 Defense
1 - 78% - 60% - 0:54
2 - 22% - 40% - 0:15
Last Minute Offensive  - 0:00
Last Minute Defensive  - 0:00
Total
Forward - 60:00
Defense - 60:00

% Time on Ice - Hurricanes

Lines # - Real PCT - Wanted PCT - Time Play
Normal Forward
1 - 38% - 38% - 18:27
2 - 29% - 31% - 13:57
3 - 23% - 20% - 11:02
4 - 11% - 11% - 5:20
Normal Defense
1 - 38% - 38% - 18:42
2 - 32% - 31% - 15:42
3 - 22% - 21% - 10:41
4 - 8% - 10% - 3:41
PP Forward
1 - 52% - 58% - 4:09
2 - 48% - 42% - 3:49
PP Defense
1 - 48% - 58% - 3:50
2 - 52% - 42% - 4:08
PK Forward
1 - 69% - 58% - 1:28
2 - 31% - 42% - 0:39
PK Defense
1 - 60% - 58% - 1:16
2 - 40% - 42% - 0:51
PK3 Forward
1 - 0% - 55%
2 - 0% - 45%
PK3 Defense
1 - 0% - 55%
2 - 0% - 45%
44 Forward
1 - 64% - 55% - 0:44
2 - 36% - 45% - 0:25
44 Defense
1 - 36% - 55% - 0:25
2 - 64% - 45% - 0:44
Last Minute Offensive  - 0:00
Last Minute Defensive  - 0:00
Total
Forward - 60:00
Defense - 60:00

Play by Play

1st period


0:01 of 1st period - Kyle Turris wins face-off versus Bryan Little in neutral zone.
0:07 of 1st period - Minor Penalty to Gustav Nyquist for Hooking.
0:08 of 1st period - Nazem Kadri wins face-off versus Bryan Little in Sabres zone.
0:08 of 1st period - Nazem Kadri is hit by Nick Foligno.
0:54 of 1st period - Icing by James Wisniewski.
0:55 of 1st period - Bryan Little wins face-off versus Nazem Kadri in Hurricanes zone.
1:25 of 1st period - Icing by Patrick Maroon.
1:26 of 1st period - Brad Boyes wins face-off versus Scott Gomez in Hurricanes zone.
1:37 of 1st period - Shot by Keith Yandle.
1:37 of 1st period - Stopped by Ondrej Pavelec with a rebound.
2:21 of 1st period - Icing by Brian Strait.
2:22 of 1st period - Jacob Josefson wins face-off versus Brian Boyle in Hurricanes zone.
2:44 of 1st period - Shot by Shawn Matthias.
2:44 of 1st period - Shot Misses the Net.
3:58 of 1st period - Shot by Nino Niederreiter.
3:58 of 1st period - Shot Misses the Net.
4:21 of 1st period - Shot by Leo Komarov.
4:21 of 1st period - Shot Misses the Net.
4:23 of 1st period - Shot by Leo Komarov.
4:23 of 1st period - Stopped by Ondrej Pavelec with a rebound.
4:27 of 1st period - Shot by Michael Frolik.
4:27 of 1st period - Stopped by Ondrej Pavelec without a rebound.
4:28 of 1st period - Brad Richardson wins face-off versus Kyle Turris in Sabres zone.
4:34 of 1st period - Patrick Maroon is hit by Josh Gorges and loses puck.
4:35 of 1st period - Patrick Maroon from Hurricanes is injured at 4:35 of 1st period (Strained Right Elbow).
4:36 of 1st period - Brad Richardson wins face-off versus Kyle Turris in Sabres zone.
4:44 of 1st period - Minor Penalty to Josh Gorges for Tripping.
4:45 of 1st period - Bryan Little wins face-off versus Nazem Kadri in Sabres zone.
5:53 of 1st period - Shot by Keith Yandle.
5:53 of 1st period - Shot Misses the Net.
5:55 of 1st period - Shot by Jamie McGinn.
5:55 of 1st period - Shot Misses the Net.
5:57 of 1st period - Shot by Raphael Diaz.
5:57 of 1st period - Stopped by Ondrej Pavelec without a rebound.
5:58 of 1st period - Jamie McGinn wins face-off versus Brad Boyes in Sabres zone.
6:48 of 1st period - Icing by Leo Komarov.
6:49 of 1st period - Leo Komarov wins face-off versus Kyle Turris in Hurricanes zone.
7:24 of 1st period - Shot by Kyle Turris.
7:24 of 1st period - Shot Misses the Net.
7:32 of 1st period - Shot by Thomas Vanek.
7:32 of 1st period - Shot Misses the Net.
8:20 of 1st period - Icing by James Wisniewski.
8:21 of 1st period - Bryan Little wins face-off versus Nazem Kadri in Hurricanes zone.
8:21 of 1st period - Nick Foligno is hit by Nino Niederreiter and loses puck.
8:50 of 1st period - Icing by Nazem Kadri.
8:51 of 1st period - Nazem Kadri wins face-off versus Brad Richardson in Sabres zone.
8:51 of 1st period - Brayden Schenn is hit by Brian Boyle and loses puck.
8:57 of 1st period - Minor Penalty to Johnny Oduya for Interference.
8:58 of 1st period - Bryan Little wins face-off versus Nazem Kadri in Sabres zone.
9:57 of 1st period - Shot by Dustin Byfuglien.
9:57 of 1st period - Shot Misses the Net.
9:59 of 1st period - Shot by Dustin Byfuglien.
9:59 of 1st period - Deflect By Jamie McGinn.
9:59 of 1st period - Shot Misses the Net.
10:01 of 1st period - Shot by Scott Gomez.
10:01 of 1st period - Shot Misses the Net.
10:03 of 1st period - Shot by Carl Hagelin.
10:03 of 1st period - Goal by Carl Hagelin - Sabres : 0 - Hurricanes : 1.
10:04 of 1st period - Kyle Turris wins face-off versus Carl Hagelin in neutral zone.
10:21 of 1st period - Carl Hagelin is hit by Gustav Nyquist and loses puck.
10:42 of 1st period - Carl Hagelin is hit by Gustav Nyquist and loses puck.
10:59 of 1st period - Shot by Michael Frolik.
10:59 of 1st period - Shot Misses the Net.
11:01 of 1st period - Shot by Jamie McGinn.
11:01 of 1st period - Stopped by Ondrej Pavelec without a rebound.
11:02 of 1st period - Lars Eller wins face-off versus Bryan Little in Sabres zone.
11:31 of 1st period - Shot by Nick Foligno.
11:31 of 1st period - Shot Misses the Net.
11:33 of 1st period - Shot by Nick Foligno.
11:33 of 1st period - Shot Misses the Net.
11:45 of 1st period - Shot by Bryan Little.
11:45 of 1st period - Stopped by Ondrej Pavelec without a rebound.
11:46 of 1st period - Nazem Kadri wins face-off versus Leo Komarov in Sabres zone.
11:51 of 1st period - James Wisniewski is hit by Nino Niederreiter and loses puck.
12:22 of 1st period - Shot by Nino Niederreiter.
12:22 of 1st period - Stopped by Eddie Lack without a rebound.
12:23 of 1st period - Kyle Turris wins face-off versus Brad Richardson in Hurricanes zone.
12:29 of 1st period - Icing by Raphael Diaz.
12:30 of 1st period - Brad Richardson wins face-off versus Thomas Vanek in Hurricanes zone.
13:27 of 1st period - Thomas Vanek is hit by Dustin Byfuglien.
13:40 of 1st period - Icing by Nick Foligno.
13:41 of 1st period - Bryan Little wins face-off versus Nazem Kadri in Hurricanes zone.
13:58 of 1st period - Shot by Bryan Little.
13:58 of 1st period - Stopped by Ondrej Pavelec without a rebound.
13:59 of 1st period - Leo Komarov wins face-off versus Daniel Winnik in Sabres zone.
13:59 of 1st period - Leo Komarov is hit by Josh Gorges.
14:18 of 1st period - Keith Yandle is hit by Daniel Winnik and loses puck.
14:38 of 1st period - Icing by Kris Versteeg.
14:39 of 1st period - Bryan Little wins face-off versus Kris Versteeg in Sabres zone.
14:58 of 1st period - Shot by Bryan Little.
14:58 of 1st period - Shot Misses the Net.
15:01 of 1st period - Icing by Daniel Winnik.
15:02 of 1st period - Brad Richardson wins face-off versus Lars Eller in Sabres zone.
15:09 of 1st period - Shot by Jamie McGinn.
15:09 of 1st period - Shot Blocked by Rasmus Ristolainen.
15:09 of 1st period - Rasmus Ristolainen from Sabres is injured at 15:09 of 1st period (Upper Body).
15:10 of 1st period - Gustav Nyquist wins face-off versus Bryan Little in Sabres zone.
15:16 of 1st period - Kyle Turris is hit by Ron Hainsey and loses puck.
15:28 of 1st period - Shot by Gustav Nyquist.
15:28 of 1st period - Shot Blocked by Ron Hainsey.
15:30 of 1st period - Shot by Thomas Vanek.
15:30 of 1st period - Stopped by Eddie Lack without a rebound.
15:31 of 1st period - Leo Komarov wins face-off versus Nazem Kadri in Hurricanes zone.
15:38 of 1st period - Braydon Coburn is hit by Jamie McGinn and loses puck.
16:08 of 1st period - Icing by James Wisniewski.
16:09 of 1st period - Kyle Turris wins face-off versus Leo Komarov in Hurricanes zone.
16:40 of 1st period - Nick Foligno is hit by Francois Beauchemin and loses puck.
16:49 of 1st period - Shot by Bryan Little.
16:49 of 1st period - Deflect By Nick Foligno.
16:49 of 1st period - Shot Misses the Net.
17:31 of 1st period - Shot by Kris Versteeg.
17:31 of 1st period - Deflect By Daniel Winnik.
17:31 of 1st period - Shot Hit the Post.
17:46 of 1st period - Icing by Keith Yandle.
17:47 of 1st period - Nazem Kadri wins face-off versus Bryan Little in Hurricanes zone.
17:48 of 1st period - Shot by Oliver Ekman-Larsson.
17:48 of 1st period - Stopped by Eddie Lack without a rebound.
17:49 of 1st period - Nazem Kadri wins face-off versus Leo Komarov in Hurricanes zone.
18:06 of 1st period - Shot by Leo Komarov.
18:06 of 1st period - Shot Misses the Net.
18:08 of 1st period - Shot by Leo Komarov.
18:08 of 1st period - Shot Blocked by Nazem Kadri.
19:20 of 1st period - Shot by Brad Richardson.
19:20 of 1st period - Shot Blocked by Oliver Ekman-Larsson.
19:22 of 1st period - Shot by Brian Boyle.
19:22 of 1st period - Shot Misses the Net.
19:39 of 1st period - Icing by Brayden Schenn.
19:40 of 1st period - Nazem Kadri wins face-off versus Leo Komarov in Sabres zone.
19:50 of 1st period - Icing by Jamie McGinn.
19:51 of 1st period - Kyle Turris wins face-off versus Leo Komarov in Hurricanes zone.
Goals for this period are 0 for Sabres vs 1 for Hurricanes.
Shots for this period are 3 for Sabres vs 8 for Hurricanes.

2nd period


0:01 of 2nd period - Kyle Turris wins face-off versus Bryan Little in neutral zone.
0:14 of 2nd period - Shot by Gustav Nyquist.
0:14 of 2nd period - Stopped by Eddie Lack with a rebound.
0:24 of 2nd period - Shot by Nick Foligno.
0:24 of 2nd period - Shot Blocked by Braydon Coburn.
0:38 of 2nd period - Shot by Bryan Little.
0:38 of 2nd period - Shot Misses the Net.
1:13 of 2nd period - Icing by Bryan Little.
1:14 of 2nd period - Bryan Little wins face-off versus Nazem Kadri in Hurricanes zone.
1:19 of 2nd period - Scott Gomez is hit by Nino Niederreiter and loses puck.
1:26 of 2nd period - Shot by Brayden Schenn.
1:26 of 2nd period - Goal by Brayden Schenn - Sabres : 1 - Hurricanes : 1.
1:27 of 2nd period - Brian Boyle wins face-off versus Jacob Josefson in neutral zone.
1:29 of 2nd period - Off-side.
1:30 of 2nd period - Brian Boyle wins face-off versus Jacob Josefson in neutral zone.
1:56 of 2nd period - Icing by James Wisniewski.
1:57 of 2nd period - Brian Boyle wins face-off versus Lars Eller in Hurricanes zone.
1:57 of 2nd period - Brian Boyle is hit by Daniel Winnik.
2:00 of 2nd period - James Wisniewski is hit by Daniel Winnik and loses puck.
3:02 of 2nd period - Francois Beauchemin is hit by Leo Komarov and loses puck.
3:15 of 2nd period - Shot by Gustav Nyquist.
3:15 of 2nd period - Shot Misses the Net.
3:17 of 2nd period - Shot by Gustav Nyquist.
3:17 of 2nd period - Stopped by Eddie Lack without a rebound.
3:18 of 2nd period - Bryan Little wins face-off versus Nazem Kadri in Hurricanes zone.
3:18 of 2nd period - Bryan Little is hit by Brayden Schenn.
3:28 of 2nd period - Shot by Scott Gomez.
3:28 of 2nd period - Stopped by Ondrej Pavelec with a rebound.
3:45 of 2nd period - Shot by Nick Foligno.
3:45 of 2nd period - Stopped by Ondrej Pavelec without a rebound.
3:46 of 2nd period - Brad Richardson wins face-off versus Kyle Turris in Sabres zone.
3:52 of 2nd period - Icing by Johnny Oduya.
3:53 of 2nd period - Brad Richardson wins face-off versus Gustav Nyquist in Sabres zone.
3:56 of 2nd period - Shot by Carl Hagelin.
3:56 of 2nd period - Shot Misses the Net.
4:10 of 2nd period - Shot by Thomas Vanek.
4:10 of 2nd period - Deflect By Kyle Turris.
4:10 of 2nd period - Shot Hit the Post.
4:13 of 2nd period - Icing by Jamie McGinn.
4:14 of 2nd period - Jamie McGinn wins face-off versus Nazem Kadri in Hurricanes zone.
4:26 of 2nd period - Icing by Oliver Ekman-Larsson.
4:27 of 2nd period - Bryan Little wins face-off versus Nazem Kadri in Sabres zone.
4:42 of 2nd period - Shot by Bryan Little.
4:42 of 2nd period - Stopped by Ondrej Pavelec with a rebound.
5:19 of 2nd period - Off-side.
5:20 of 2nd period - Leo Komarov wins face-off versus Kyle Turris in neutral zone.
5:53 of 2nd period - Shot by Thomas Vanek.
5:53 of 2nd period - Shot Misses the Net.
6:03 of 2nd period - Shot by Kyle Turris.
6:03 of 2nd period - Stopped by Eddie Lack without a rebound.
6:04 of 2nd period - Jacob Josefson wins face-off versus Brad Richardson in Hurricanes zone.
6:08 of 2nd period - Minor Penalty to Ron Hainsey for Interference.
6:09 of 2nd period - Leo Komarov wins face-off versus Lars Eller in Hurricanes zone.
6:16 of 2nd period - Shot by Lars Eller.
6:16 of 2nd period - Goal by Lars Eller - Sabres : 2 - Hurricanes : 1.
6:17 of 2nd period - Jacob Josefson wins face-off versus Bryan Little in neutral zone.
6:22 of 2nd period - Bryan Little is hit by Kyle Palmieri and loses puck.
6:55 of 2nd period - Icing by Francois Beauchemin.
6:56 of 2nd period - Jacob Josefson wins face-off versus Jamie McGinn in Sabres zone.
6:56 of 2nd period - Jacob Josefson is hit by Jamie McGinn.
7:18 of 2nd period - Icing by Dustin Byfuglien.
7:19 of 2nd period - Kyle Turris wins face-off versus Jamie McGinn in Hurricanes zone.
7:19 of 2nd period - Kyle Turris is hit by Dustin Byfuglien.
7:36 of 2nd period - Brad Richardson is hit by Braydon Coburn and loses puck.
8:07 of 2nd period - Keith Yandle is hit by Johnny Oduya and loses puck.
8:13 of 2nd period - Shot by Nick Foligno.
8:13 of 2nd period - Shot Misses the Net.
8:15 of 2nd period - Shot by Bryan Little.
8:15 of 2nd period - Shot Misses the Net.
8:17 of 2nd period - Shot by Keith Yandle.
8:17 of 2nd period - Shot Misses the Net.
8:30 of 2nd period - Bryan Little is hit by Braydon Coburn.
8:32 of 2nd period - Shot by Nick Foligno.
8:32 of 2nd period - Shot Misses the Net.
8:34 of 2nd period - Shot by Bryan Little.
8:34 of 2nd period - Shot Misses the Net.
8:36 of 2nd period - Shot by Scott Gomez.
8:36 of 2nd period - Stopped by Ondrej Pavelec without a rebound.
8:37 of 2nd period - Leo Komarov wins face-off versus Nazem Kadri in Sabres zone.
8:52 of 2nd period - Icing by Brian Strait.
8:53 of 2nd period - Lars Eller wins face-off versus Leo Komarov in Hurricanes zone.
9:12 of 2nd period - Shot by Michael Frolik.
9:12 of 2nd period - Stopped by Ondrej Pavelec without a rebound.
9:13 of 2nd period - Nazem Kadri wins face-off versus Nick Foligno in Sabres zone.
9:20 of 2nd period - Shot by Brayden Schenn.
9:20 of 2nd period - Shot Misses the Net.
9:30 of 2nd period - Shot by Nick Foligno.
9:30 of 2nd period - Stopped by Ondrej Pavelec without a rebound.
9:31 of 2nd period - Lars Eller wins face-off versus Brian Boyle in Sabres zone.
10:31 of 2nd period - Shot by Gustav Nyquist.
10:31 of 2nd period - Shot Misses the Net.
10:34 of 2nd period - Icing by Ron Hainsey.
10:35 of 2nd period - Nazem Kadri wins face-off versus Brian Boyle in Hurricanes zone.
10:36 of 2nd period - Shot by Nino Niederreiter.
10:36 of 2nd period - Stopped by Eddie Lack without a rebound.
10:37 of 2nd period - Leo Komarov wins face-off versus Kyle Turris in Hurricanes zone.
10:52 of 2nd period - Off-side.
10:53 of 2nd period - Nick Foligno wins face-off versus Nazem Kadri in neutral zone.
11:02 of 2nd period - Shot by Nino Niederreiter.
11:02 of 2nd period - Deflect By Brayden Schenn.
11:02 of 2nd period - Stopped by Eddie Lack without a rebound.
11:03 of 2nd period - Kyle Turris wins face-off versus Leo Komarov in Hurricanes zone.
11:14 of 2nd period - Shot by Kyle Turris.
11:14 of 2nd period - Shot Misses the Net.
11:19 of 2nd period - Minor Penalty to Dustin Byfuglien for Kneeing.
11:20 of 2nd period - Gustav Nyquist wins face-off versus Leo Komarov in Hurricanes zone.
12:31 of 2nd period - Icing by Kyle Turris.
12:32 of 2nd period - Kyle Turris wins face-off versus Leo Komarov in Sabres zone.
12:41 of 2nd period - Shot by Kyle Turris.
12:41 of 2nd period - Shot Misses the Net.
12:43 of 2nd period - Shot by Johnny Oduya.
12:43 of 2nd period - Shot Misses the Net.
12:45 of 2nd period - Shot by Johnny Oduya.
12:45 of 2nd period - Shot Misses the Net.
12:47 of 2nd period - Shot by Braydon Coburn.
12:47 of 2nd period - Stopped by Eddie Lack without a rebound.
12:48 of 2nd period - Lars Eller wins face-off versus Brad Richardson in Hurricanes zone.
12:49 of 2nd period - Shot by Gustav Nyquist.
12:49 of 2nd period - Stopped by Eddie Lack without a rebound.
12:50 of 2nd period - Lars Eller wins face-off versus Brad Richardson in Hurricanes zone.
13:09 of 2nd period - Shot by Gustav Nyquist.
13:09 of 2nd period - Stopped by Eddie Lack without a rebound.
13:10 of 2nd period - Kyle Turris wins face-off versus Brad Richardson in Hurricanes zone.
13:11 of 2nd period - Shot by Thomas Vanek.
13:11 of 2nd period - Shot Misses the Net.
13:13 of 2nd period - Shot by Johnny Oduya.
13:13 of 2nd period - Shot Misses the Net.
13:15 of 2nd period - Shot by Braydon Coburn.
13:15 of 2nd period - Shot Misses the Net.
13:17 of 2nd period - Shot by Kyle Turris.
13:17 of 2nd period - Shot Misses the Net.
13:32 of 2nd period - Off-side.
13:33 of 2nd period - Brad Richardson wins face-off versus Kyle Turris in neutral zone.
13:38 of 2nd period - Francois Beauchemin is hit by Jamie McGinn and loses puck.
14:07 of 2nd period - Shot by Gustav Nyquist.
14:07 of 2nd period - Shot Misses the Net.
14:09 of 2nd period - Shot by Oliver Ekman-Larsson.
14:09 of 2nd period - Stopped by Eddie Lack without a rebound.
14:10 of 2nd period - Bryan Little wins face-off versus Nazem Kadri in Hurricanes zone.
14:42 of 2nd period - Shot by Bryan Little.
14:42 of 2nd period - Shot Blocked by Johnny Oduya.
15:22 of 2nd period - Shot by Leo Komarov.
15:22 of 2nd period - Stopped by Ondrej Pavelec without a rebound.
15:23 of 2nd period - Jamie McGinn wins face-off versus Kyle Turris in Sabres zone.
15:42 of 2nd period - Off-side.
15:43 of 2nd period - Lars Eller wins face-off versus Jamie McGinn in neutral zone.
16:13 of 2nd period - Icing by Leo Komarov.
16:14 of 2nd period - Kyle Turris wins face-off versus Jamie McGinn in Hurricanes zone.
16:20 of 2nd period - Kyle Turris is hit by Dustin Byfuglien and loses puck.
16:25 of 2nd period - Shot by Gustav Nyquist.
16:25 of 2nd period - Shot Blocked by James Wisniewski.
16:27 of 2nd period - Shot by Thomas Vanek.
16:27 of 2nd period - Shot Blocked by James Wisniewski.
16:29 of 2nd period - Shot by Kyle Turris.
16:29 of 2nd period - Deflect By Thomas Vanek.
16:29 of 2nd period - Stopped by Eddie Lack without a rebound.
16:30 of 2nd period - Nick Foligno wins face-off versus Brayden Schenn in Hurricanes zone.
16:39 of 2nd period - Shot by Nick Foligno.
16:39 of 2nd period - Shot Misses the Net.
16:58 of 2nd period - Shot by Scott Gomez.
16:58 of 2nd period - Shot Blocked by Josh Gorges.
17:00 of 2nd period - Shot by Bryan Little.
17:00 of 2nd period - Shot Misses the Net.
17:15 of 2nd period - Shot by Bryan Little.
17:15 of 2nd period - Stopped by Ondrej Pavelec with a rebound.
18:00 of 2nd period - Shot by Brad Richardson.
18:00 of 2nd period - Shot Misses the Net.
18:36 of 2nd period - Shot by Bryan Little.
18:36 of 2nd period - Deflect By Brian Boyle.
18:36 of 2nd period - Shot Misses the Net.
19:10 of 2nd period - Shot by Jamie McGinn.
19:10 of 2nd period - Shot Misses the Net.
Goals for this period are 2 for Sabres vs 0 for Hurricanes.
Shots for this period are 12 for Sabres vs 8 for Hurricanes.

3rd period


0:01 of 3rd period - Leo Komarov wins face-off versus Kyle Turris in neutral zone.
0:11 of 3rd period - Off-side.
0:12 of 3rd period - Lars Eller wins face-off versus Bryan Little in neutral zone.
0:17 of 3rd period - Shot by Daniel Winnik.
0:17 of 3rd period - Stopped by Eddie Lack with a rebound.
0:19 of 3rd period - Shot by Kris Versteeg.
0:19 of 3rd period - Shot Misses the Net.
0:21 of 3rd period - Shot by Kris Versteeg.
0:21 of 3rd period - Shot Misses the Net.
0:29 of 3rd period - Shot by Daniel Winnik.
0:29 of 3rd period - Shot Blocked by Nick Foligno.
0:38 of 3rd period - Off-side.
0:39 of 3rd period - Leo Komarov wins face-off versus Thomas Vanek in neutral zone.
0:44 of 3rd period - Kyle Turris is hit by Leo Komarov.
0:53 of 3rd period - Icing by Braydon Coburn.
0:54 of 3rd period - Bryan Little wins face-off versus Kyle Turris in Sabres zone.
1:27 of 3rd period - Shot by Bryan Little.
1:27 of 3rd period - Shot Misses the Net.
2:34 of 3rd period - Icing by Francois Beauchemin.
2:35 of 3rd period - Jacob Josefson wins face-off versus Brad Richardson in Sabres zone.
3:12 of 3rd period - Shot by Brian Boyle.
3:12 of 3rd period - Stopped by Ondrej Pavelec without a rebound.
3:13 of 3rd period - Bryan Little wins face-off versus Lars Eller in Sabres zone.
3:24 of 3rd period - Shot by Nick Foligno.
3:24 of 3rd period - Shot Hit the Post.
3:26 of 3rd period - Shot by Ron Hainsey.
3:26 of 3rd period - Stopped by Ondrej Pavelec without a rebound.
3:27 of 3rd period - Kyle Turris wins face-off versus Leo Komarov in Sabres zone.
4:18 of 3rd period - Minor Penalty to Kris Versteeg for Hooking.
4:19 of 3rd period - Bryan Little wins face-off versus Nazem Kadri in Sabres zone.
4:34 of 3rd period - Shot by Shawn Matthias.
4:34 of 3rd period - Shot Blocked by Braydon Coburn.
4:36 of 3rd period - Shot by Bryan Little.
4:36 of 3rd period - Shot Misses the Net.
4:38 of 3rd period - Shot by Nick Foligno.
4:38 of 3rd period - Stopped by Ondrej Pavelec without a rebound.
4:39 of 3rd period - Nazem Kadri wins face-off versus Scott Gomez in Sabres zone.
4:39 of 3rd period - Nazem Kadri is hit by Jamie McGinn.
5:03 of 3rd period - Shot by Scott Gomez.
5:03 of 3rd period - Shot Misses the Net.
5:05 of 3rd period - Shot by Jamie McGinn.
5:05 of 3rd period - Goal by Jamie McGinn - Sabres : 2 - Hurricanes : 2.
5:06 of 3rd period - Kyle Turris wins face-off versus Brad Richardson in neutral zone.
5:32 of 3rd period - Off-side.
5:33 of 3rd period - Bryan Little wins face-off versus Jacob Josefson in neutral zone.
5:44 of 3rd period - Shot by Scott Gomez.
5:44 of 3rd period - Shot Misses the Net.
5:46 of 3rd period - Shot by Nick Foligno.
5:46 of 3rd period - Stopped by Ondrej Pavelec without a rebound.
5:47 of 3rd period - Lars Eller wins face-off versus Leo Komarov in Sabres zone.
6:14 of 3rd period - Off-side.
6:15 of 3rd period - Bryan Little wins face-off versus Kyle Turris in neutral zone.
6:18 of 3rd period - Shot by James Wisniewski.
6:18 of 3rd period - Stopped by Ondrej Pavelec without a rebound.
6:19 of 3rd period - Gustav Nyquist wins face-off versus Bryan Little in Sabres zone.
6:19 of 3rd period - Gustav Nyquist is hit by Nick Foligno.
6:30 of 3rd period - Kyle Turris is hit by Dustin Byfuglien.
6:34 of 3rd period - Shot by Gustav Nyquist.
6:34 of 3rd period - Stopped by Eddie Lack without a rebound.
6:35 of 3rd period - Leo Komarov wins face-off versus Lars Eller in Hurricanes zone.
6:35 of 3rd period - Leo Komarov is hit by Kris Versteeg.
6:43 of 3rd period - Daniel Winnik is hit by Jamie McGinn.
7:01 of 3rd period - Shot by Lars Eller.
7:01 of 3rd period - Shot Misses the Net.
7:03 of 3rd period - Shot by Daniel Winnik.
7:03 of 3rd period - Stopped by Eddie Lack without a rebound.
7:04 of 3rd period - Bryan Little wins face-off versus Kyle Turris in Hurricanes zone.
7:04 of 3rd period - Bryan Little is hit by Thomas Vanek.
7:22 of 3rd period - Nick Foligno is hit by Gustav Nyquist and loses puck.
7:29 of 3rd period - Shot by Kyle Turris.
7:29 of 3rd period - Shot Blocked by Dustin Byfuglien.
7:31 of 3rd period - Shot by Braydon Coburn.
7:31 of 3rd period - Shot Misses the Net.
7:33 of 3rd period - Shot by Kyle Turris.
7:33 of 3rd period - Goal by Kyle Turris - Sabres : 3 - Hurricanes : 2.
7:34 of 3rd period - Nino Niederreiter wins face-off versus Leo Komarov in neutral zone.
9:18 of 3rd period - James Wisniewski is hit by Braydon Coburn.
9:25 of 3rd period - Icing by Braydon Coburn.
9:26 of 3rd period - Kyle Turris wins face-off versus Brian Boyle in Sabres zone.
9:26 of 3rd period - Kyle Turris is hit by Brian Boyle.
9:52 of 3rd period - Shot by Kris Versteeg.
9:52 of 3rd period - Stopped by Eddie Lack without a rebound.
9:53 of 3rd period - Nazem Kadri wins face-off versus Brad Richardson in Hurricanes zone.
10:13 of 3rd period - Brooks Orpik is hit by Francois Beauchemin and loses puck.
11:05 of 3rd period - Shot by Daniel Winnik.
11:05 of 3rd period - Stopped by Eddie Lack without a rebound.
11:06 of 3rd period - Jacob Josefson wins face-off versus Bryan Little in Hurricanes zone.
11:16 of 3rd period - Josh Gorges is hit by Nick Foligno and loses puck.
11:37 of 3rd period - Shot by Bryan Little.
11:37 of 3rd period - Shot Misses the Net.
11:39 of 3rd period - Shot by Dustin Byfuglien.
11:39 of 3rd period - Stopped by Ondrej Pavelec with a rebound.
11:41 of 3rd period - Shot by Bryan Little.
11:41 of 3rd period - Shot Blocked by Josh Gorges.
12:14 of 3rd period - Francois Beauchemin is hit by Nick Foligno and loses puck.
12:29 of 3rd period - Icing by Keith Yandle.
12:30 of 3rd period - Lars Eller wins face-off versus Brian Boyle in Hurricanes zone.
12:30 of 3rd period - Oliver Ekman-Larsson is hit by Ron Hainsey and loses puck.
12:43 of 3rd period - Shot by Kris Versteeg.
12:43 of 3rd period - Shot Misses the Net.
13:35 of 3rd period - Nino Niederreiter is hit by Brooks Orpik and loses puck.
13:49 of 3rd period - Off-side.
13:50 of 3rd period - Kyle Turris wins face-off versus Bryan Little in neutral zone.
14:17 of 3rd period - Shot by Bryan Little.
14:17 of 3rd period - Shot Blocked by Oliver Ekman-Larsson.
14:19 of 3rd period - Shot by Brian Strait.
14:19 of 3rd period - Shot Misses the Net.
14:31 of 3rd period - Francois Beauchemin is hit by Nick Foligno.
14:32 of 3rd period - Icing by Francois Beauchemin.
14:33 of 3rd period - Kyle Turris wins face-off versus Brad Richardson in Sabres zone.
14:33 of 3rd period - Kyle Turris is hit by Brad Richardson.
16:19 of 3rd period - Scott Gomez and Francois Beauchemin fight to a draw.
16:19 of 3rd period - Penalty to Scott Gomez for Fighting.
16:19 of 3rd period - Penalty to Francois Beauchemin for Fighting.
16:19 of 3rd period - Penalty to Francois Beauchemin for instigated a fight.
16:19 of 3rd period - Francois Beauchemin is ejected from game.
16:20 of 3rd period - Nazem Kadri wins face-off versus Brian Boyle in neutral zone.
16:31 of 3rd period - Shot by Jamie McGinn.
16:31 of 3rd period - Shot Blocked by Braydon Coburn.
16:33 of 3rd period - Shot by James Wisniewski.
16:33 of 3rd period - Shot Misses the Net.
16:35 of 3rd period - Shot by Brian Boyle.
16:35 of 3rd period - Shot Misses the Net.
16:45 of 3rd period - Shot by Carl Hagelin.
16:45 of 3rd period - Stopped by Ondrej Pavelec without a rebound.
16:46 of 3rd period - Brad Boyes wins face-off versus Bryan Little in Sabres zone.
17:16 of 3rd period - Icing by Bryan Little.
17:17 of 3rd period - Bryan Little wins face-off versus Brad Boyes in Hurricanes zone.
17:54 of 3rd period - Shot by Jamie McGinn.
17:54 of 3rd period - Shot Blocked by Johnny Oduya.
17:56 of 3rd period - Shot by Carl Hagelin.
17:56 of 3rd period - Stopped by Ondrej Pavelec without a rebound.
17:57 of 3rd period - Brian Boyle wins face-off versus Brad Boyes in Sabres zone.
18:02 of 3rd period - Shot by Keith Yandle.
18:02 of 3rd period - Goal by Keith Yandle - Sabres : 3 - Hurricanes : 3.
18:03 of 3rd period - Leo Komarov wins face-off versus Kyle Turris in neutral zone.
18:11 of 3rd period - Icing by Thomas Vanek.
18:12 of 3rd period - Kyle Turris wins face-off versus Brad Richardson in Sabres zone.
18:25 of 3rd period - Shot by Thomas Vanek.
18:25 of 3rd period - Deflect By Kyle Turris.
18:25 of 3rd period - Shot Misses the Net.
18:26 of 3rd period - Minor Penalty to Kyle Turris for Holding.
18:27 of 3rd period - Nazem Kadri wins face-off versus Bryan Little in Sabres zone.
18:33 of 3rd period - Icing by James Wisniewski.
18:34 of 3rd period - Bryan Little wins face-off versus Nazem Kadri in Hurricanes zone.
18:50 of 3rd period - Minor Penalty to Nick Foligno for Tripping.
18:51 of 3rd period - Brayden Schenn wins face-off versus Shawn Matthias in Hurricanes zone.
19:25 of 3rd period - Raphael Diaz is hit by Josh Gorges and loses puck.
Goals for this period are 1 for Sabres vs 2 for Hurricanes.
Shots for this period are 6 for Sabres vs 10 for Hurricanes.

Overtime #1


0:01 of 1st overtime period - Thomas Vanek wins face-off versus Bryan Little in neutral zone.
0:19 of 1st overtime period - Shot by Michael Frolik.
0:19 of 1st overtime period - Shot Blocked by Oliver Ekman-Larsson.
0:23 of 1st overtime period - Shot by Bryan Little.
0:23 of 1st overtime period - Goal by Bryan Little - Sabres : 3 - Hurricanes : 4.
Goals for this period are 0 for Sabres vs 1 for Hurricanes.
Shots for this period are 0 for Sabres vs 1 for Hurricanes.